 Dungeon Crawl Stone Soup version 0.16.1 (webtiles) character file.

3598 Fluffy the Cleaver (level 10, -3/92 HPs)
             Began as a Hill Orc Fighter on Mar 23, 2015.
             Was a Priest of Qazlal.
             Slain by a ghost crab (shapeshifter) (5 damage)
             ... on level 8 of the Dungeon.
             The game lasted 00:25:48 (9628 turns).

Fluffy the Cleaver (Hill Orc Fighter)               Turns: 9628, Time: 00:25:48

Health: -3/92      AC: 14    Str: 28    XL:     10   Next: 10%
Magic:  21/21      EV:  6    Int: 13    God:    Qazlal [***...]
Gold:   411        SH: 14    Dex: 10    Spells: 0 memorised, 9 levels left

rFire  . . .     SeeInvis +     a - +1 war axe
rCold  . . .     Clarity  .     y - +0 chain mail {MR+}
rNeg   . . .     SustAb   .     c - +0 shield
rPois  .         Gourm    .     F - +1 helmet
rElec  .         Spirit   .     B - +0 cloak
rCorr  .         Warding  .     (no gloves)
rMut   .         Stasis   .     (no boots)
MR     +....                    (no amulet)
Stlth  ..........               n - +5 ring of intelligence
                                N - ring of see invisible

@: mighty, very slightly contaminated, hasted, drained, very quick, somewhat
resistant to hostile enchantments, extremely unstealthy
A: no striking features
a: Upheaval, Elemental Force, Renounce Religion


You were on level 8 of the Dungeon.
You worshipped Qazlal.
Qazlal was most pleased with you.
You were hungry.

You visited 2 branches of the dungeon, and saw 9 of its levels.

You collected 411 gold pieces.

Inventory:

Hand weapons
 a - a +1 war axe (weapon)
Armour
 c - a +0 shield (worn)
 w - a +0 plate armour
 y - a +0 chain mail of magic resistance (worn)
 B - a +0 cloak (worn)
 F - a +1 helmet (worn)
Jewellery
 n - a +5 ring of intelligence (right hand)
 N - a ring of see invisible (left hand)
Magical devices
 u - a wand of random effects (8)
 x - a wand of slowing (26)
 C - a wand of fire (9)
 D - a wand of draining (3)
 L - a wand of fireball (3)
 M - a wand of slowing (35)
Scrolls
 b - a scroll of magic mapping {unknown}
 f - 2 scrolls of teleportation {unknown}
 g - a scroll of random uselessness {unknown}
 h - 3 scrolls of blinking {unknown}
 i - a scroll of identify
 l - 4 scrolls of enchant weapon
 o - 3 scrolls of fear {unknown}
 p - 5 scrolls of remove curse
 q - a scroll of amnesia {unknown}
 t - 2 scrolls of immolation {unknown}
 v - a scroll of noise {unknown}
 G - a scroll of enchant armour {unknown}
 J - 2 scrolls of recharging {unknown}
Potions
 j - a potion of haste
 m - 2 potions of restore abilities
 A - a potion of cure mutation
 H - a potion of magic
Comestibles
 d - 3 meat rations
 k - a slice of pizza
 s - 4 bread rations


   Skills:
 + Level 9.7(9.4) Fighting
 + Level 10.1(9.8) Axes
 + Level 8.8(8.4) Armour
 - Level 3.2(3.0) Shields
 + Level 7.3(7.0) Invocations


You had 9 spell levels left.
You didn't know any spells.

Dungeon Overview and Level Annotations

Branches:
Dungeon (8/15)             Temple (1/1) D:4
   Lair: D:8-11

Altars:
Ashenzari
Cheibriados
Dithmenos
Elyvilon
Fedhas
Gozag
Kikubaaqudgha
Makhleb
Nemelex Xobeh
Okawaru
Qazlal
Ru
Sif Muna
Trog
Vehumet
Xom
Yredelemnul
Zin
The Shining One

Shops:
D:5 [


Message History

The ghost crab is moderately wounded.
You are engulfed in ghostly flame.
The ghost crab bites you.
* * * LOW HITPOINT WARNING * * *
You feel drained.
* * * LOW HITPOINT WARNING * * *
The ghost crab claws you but does no damage.
You are engulfed in ghostly flame.
* * * LOW HITPOINT WARNING * * *
Read which item? (? for menu, Esc to quit)
Okay, then.
Drink which item? (? for menu, Esc to quit)
You feel yourself speed up. You block the spectral wasp's attack.
You block the ghost crab's attack. x2
You are very lightly contaminated with residual magic.
Drink which item? (? for menu, Esc to quit)
You feel very mighty all of a sudden. You block the spectral wasp's attack.
The ghost crab bites you!
* * * LOW HITPOINT WARNING * * *
The ghost crab claws you.
You die...

#... #..# #..### ####.#
#....# #.####÷....# #..#.##
#...§§######.#..#..#
#.######t§Z§...#....#
#....Z§@########...# #
########Z.........## ##.
..................)###.#
###.......######..#.#..# #
#.......# #..##(#.# #.
.........# ###..####.# #.
####.....# #.......... #.
#.....# #.##.##.###
###.##############.##.##.###


You could see a ghost crab, 2 spectral adders and a spectral wasp.

Vanquished Creatures
  A hippogriff (D:8)
  A hungry ghost (D:8)
  A phantom (D:4)
  2 sky beasts
  4 centaurs
  A black bear (D:7)
  5 ogres
  The ghost of Zigurun the Insei, an average OpTm (D:3)
  Duvessa (D:4)
  4 giant frogs
  3 scorpions
  An oklob sapling (D:4)
  2 electric eels (D:7)
  Dowan (D:4)
  2 goliath beetles (D:7)
  5 crimson imps
  7 hounds
  A jelly (D:8)
  7 orc priests
  A quasit (D:8)
  A centaur skeleton (D:8)
  A giant frog skeleton (D:7)
  5 iguanas
  6 worker ants
  7 orc wizards
  Ijyb (D:4)
  A hound skeleton (D:4)
  A worker ant zombie (D:7)
  7 adders
  2 giant mites
  4 shadow imps
  7 gnolls (D:3)
  4 worms
  7 giant geckos
  An ooze (D:6)
  27 orcs
  A bat zombie (D:7)
  10 giant cockroaches
  16 goblins
  12 hobgoblins
  4 jackals
  12 kobolds
  3 quokkas
  9 ball pythons
  14 bats
  10 giant newts
  A jackal zombie (D:5)
  A quokka skeleton (D:7)
  11 rats
  23 ballistomycetes
  4 fungi (D:7)
  3 plants (D:4)
267 creatures vanquished.

Vanquished Creatures (others)
  3 giant spores
3 creatures vanquished.

Grand Total: 270 creatures vanquished

Notes
Turn   | Place    | Note
--------------------------------------------------------------
     0 | D:1      | Fluffy, the Hill Orc Fighter, began the quest for the Orb.
     0 | D:1      | Reached XP level 1. HP: 19/19 MP: 1/1
   171 | D:1      | Reached XP level 2. HP: 27/27 MP: 2/2
   203 | D:1      | Reached skill level 4 in Fighting
   606 | D:2      | Reached XP level 3. HP: 20/33 MP: 3/3
  1451 | D:2      | Reached XP level 4. HP: 28/41 MP: 4/4
  1839 | D:3      | Reached XP level 5. HP: 25/47 MP: 5/5
  2113 | D:3      | Noticed Zigurun's ghost (average OpTm)
  2129 | D:3      | Killed Zigurun's ghost
  2129 | D:3      | Reached skill level 5 in Fighting
  2129 | D:3      | Reached skill level 5 in Axes
  2609 | D:3      | Reached XP level 6. HP: 53/56 MP: 6/6
  2668 | D:3      | Found an opulent altar of Gozag.
  2672 | D:3      | Found a glowing golden altar of the Shining One.
  2821 | D:3      | Reached skill level 5 in Armour
  3309 | D:4      | Reached skill level 6 in Fighting
  3433 | D:4      | Reached XP level 7. HP: 63/63 MP: 7/7
  3547 | D:4      | Noticed Duvessa
  3552 | D:4      | Noticed Dowan
  3559 | D:4      | Killed Duvessa
  3561 | D:4      | Killed Dowan
  3969 | D:4      | Found a staircase to the Ecumenical Temple.
  3986 | D:4      | Noticed Ijyb
  4020 | D:4      | Reached skill level 7 in Axes
  4023 | Temple   | Entered the Ecumenical Temple
  4111 | Temple   | Became a worshipper of Qazlal Stormbringer
  4173 | D:4      | Killed Ijyb
  4427 | D:5      | Entered Level 5 of the Dungeon
  4543 | D:5      | Reached skill level 1 in Invocations
  4543 | D:5      | Reached XP level 8. HP: 73/73 MP: 7/9
  4727 | D:5      | Acquired Qazlal's first power
  4734 | D:5      | Found Pateinal's Antique Armour Shop.
  5157 | D:5      | Got a dazzling quarterstaff
  5416 | D:5      | Reached skill level 8 in Axes
  6379 | D:6      | Found a white marble altar of Elyvilon.
  6385 | D:6      | Acquired Qazlal's second power
  6416 | D:6      | Reached XP level 9. HP: 25/81 MP: 16/16
  6688 | D:6      | Reached skill level 5 in Invocations
  7453 | D:6      | Reached skill level 9 in Axes
  7819 | D:7      | HP: 2/82 [electric eel/bolt of electricity (9)]
  9446 | D:8      | Acquired Qazlal's third power
  9583 | D:8      | Reached XP level 10. HP: 72/91 MP: 20/20
  9591 | D:8      | Reached skill level 10 in Axes
  9623 | D:8      | Noticed a ghost crab
  9628 | D:8      | HP: 2/92 [ghost crab (shapeshifter) (7)]
  9628 | D:8      | Slain by a ghost crab (shapeshifter)

Action                   |  1- 3 |  4- 6 |  7- 9 | 10-12 || total
-------------------------+-------+-------+-------+-------++-------
Melee: War axe           |   114 |   215 |   664 |    40 ||  1033
Evoke: Wand              |       |       |     1 |       ||     1
  Use: Potion            |       |       |     4 |     2 ||     6
       Scroll            |       |       |    10 |       ||    10
  Eat: Chunk             |     2 |     6 |    21 |       ||    29
       Beef jerky        |       |       |       |     1 ||     1
